 Dungeon Crawl Stone Soup version 0.13-a0-2700-g8dc4729 (webtiles) character file.

214 M4edhros the Charlatan (level 5, 32/34 HPs)
             Began as an Octopode Artificer on Aug 15, 2013.
             Quit the game on Level 4 of the Dungeon.
             The game lasted 00:02:44 (1768 turns).

M4edhros the Charlatan (Octopode Artificer)         Turns: 1768, Time: 00:02:44

HP  32/34        AC  1     Str 10      XL: 5   Next: 22%
MP  10/10        EV 11     Int 16      God:
Gold 75          SH  6     Dex 12      Spells:  0 memorised,  4 levels left

Res.Fire  : . . .   See Invis. : .   a - +0 short sword
Res.Cold  : . . .   Warding    : .   j - +0 buckler
Life Prot.: . . .   Conserve   : .   (helmet restricted)
Res.Poison: .       Res.Corr.  : .   (no amulet)
Res.Elec. : .       Clarity    : .   (no ring)
Sust.Abil.: . .     Spirit.Shd : .   (no ring)
Res.Mut.  : .       Stasis     : .   (no ring)
Res.Rott. : .       Flight     : .   (no ring)
Saprovore : . . .                    (no ring)
                                     (no ring)
                                     (no ring)
                                     (no ring)

@: slightly resistant to hostile enchantments, stealthy
A: almost no armour, amphibious, 8 rings, constrict 8, camouflage 1, AC +1
a: no special abilities


You were on level 4 of the Dungeon.
You were hungry.

You visited 2 branches of the dungeon, and saw 5 of its levels.

You collected 55 gold pieces.

Inventory:

Hand weapons
 a - a +0,+0 short sword (weapon)
Armour
 j - a +0 buckler (worn)
Magical devices
 b - a wand of flame (15)
 c - a wand of enslavement (15)
 d - a wand of random effects (15)
Comestibles
 f - 3 bread rations
Scrolls
 h - a scroll of fog {unknown}
 i - a scroll of fear {unknown}
Potions
 e - a potion of curing


   Skills:
 - Level 1.0 Fighting
 - Level 1.0 Short Blades
 - Level 2.0 Dodging
 - Level 1.3 Stealth
 + Level 6.7 Evocations


You had 4 spell levels left.
You didn't know any spells.

Dungeon Overview and Level Annotations

Branches:
Dungeon (4/27)             Temple (1/1) D:4

Altars:
Ashenzari
Elyvilon
Fedhas
Sif Muna
Xom
Yredelemnul


Innate Abilities, Weirdness & Mutations

You cannot wear most types of armour.
You are amphibious.
You can wear up to eight rings at the same time.
You can use your tentacles to constrict many enemies at once.
Your skin changes colour to match your surroundings (Stlth).
Your rubbery body absorbs attacks (AC +1).


Message History

Eat a chunk of giant newt flesh? (ye/n/q/i?) This raw flesh tastes terrible.
You continue eating.
There is a staircase to the Ecumenical Temple here.
There is a staircase to the Ecumenical Temple here.
You climb downwards.
Welcome to the Ecumenical Temple!
There is a staircase back to the Dungeon here.
There is a basalt altar of Yredelemnul here.
Welcome back, M4edhros the Octopode Artificer.
Press ? for a list of commands and other information.
There is a deep blue altar of Sif Muna here.
There is a white marble altar of Elyvilon here.
You are feeling hungry.
(D) Dungeon (T) Temple
Where to? (? - help)
There is a white marble altar of Elyvilon here.
There is a staircase back to the Dungeon here.
You climb upwards.
Welcome back to the Dungeon!
There is a staircase to the Ecumenical Temple here.
Are you sure you want to abandon this character and quit the game? (Confirm with "yes".)

########## ## ......$.. ..
.$.....# .#
#...##########..#####
######..........@.........
..........%...............
...########..............
...# #..############ ...#
#..# .<.########...
...)...........
................
..########.......


There were no monsters in sight!

Vanquished Creatures
  2 hounds (D:4)
  4 adders
  An adder skeleton (D:4)
  A giant gecko (D:1)
  An ooze (D:1)
  An orc (D:3)
  4 hobgoblins
  5 jackals (D:1)
  2 kobolds (D:1)
  A ball python (D:1)
  6 bats
  4 giant newts
  4 goblins
  3 rats
39 creatures vanquished.

Notes
Turn   | Place    | Note
--------------------------------------------------------------
     0 | D:1      | M4edhros, the Octopode Artificer, began the quest for the Orb.
     0 | D:1      | Reached XP level 1. HP: 14/14 MP: 1/1
   288 | D:1      | Reached skill level 4 in Evocations
   288 | D:1      | Reached XP level 2. HP: 10/19 MP: 3/3
   750 | D:1      | Reached XP level 3. HP: 24/24 MP: 5/5
   910 | D:2      | Reached skill level 5 in Evocations
  1111 | D:3      | Reached XP level 4. HP: 14/29 MP: 7/7
  1150 | D:3      | Noticed a sky beast
  1277 | D:4      | Reached skill level 6 in Evocations
  1368 | D:4      | Noticed a giant frog
  1504 | D:4      | Found a staircase to the Ecumenical Temple.
  1522 | D:4      | Reached XP level 5. HP: 11/34 MP: 10/10
  1609 | Temple   | Entered the Ecumenical Temple
  1768 | D:4      | Quit the game

Action                   |  1- 3 |  4- 6 || total
-------------------------+-------+-------++-------
Melee: Short sword       |    74 |    28 ||   102
  Use: Potion            |     3 |     1 ||     4
 Stab: Sleeping          |     3 |       ||     3
